 Dungeon Crawl Stone Soup version 0.30-a0-626-gd6a5dd7a1f (console) character file.

Game seed: 6251661300186578159

55 Ignak the Sneak (level 3, -3/22 HPs)
             Began as an Octopode Enchanter on Jan 11, 2023.
             Slain by an orc
             ... wielding a +0 short sword
              (5 damage)
             ... on level 2 of the Dungeon.
             The game lasted 00:03:05 (1562 turns).

Ignak the Sneak (Octopode Enchanter)                Turns: 1562, Time: 00:03:05

Health: -3/22      AC:  1    Str:  7    XL:     3   Next: 93%
Magic:  0/6        EV: 13    Int: 17    God:
Gold:   36         SH:  0    Dex: 14    Spells: 4/6 levels left

rFire   . . .      SeeInvis .    a - +0 dagger (elec)
rCold   . . .      Faith    .    (no shield)
rNeg    . . .      Spirit   .    (helmet restricted)
rPois   .          Reflect  .    (no amulet)
rElec   .          Harm     .    (no ring)
rCorr   .          Rampage  .    (no ring)
Will    .....                    (no ring)
Stlth   ++++                     (no ring)
HPRegen 0.23/turn                (no ring)
MPRegen 0.10/turn                (no ring)
                                 (no ring)
                                 (no ring)

@: very slightly contaminated
A: almost no armour, amphibious, 8 rings, camouflage 1, gelatinous body 1,
(nimble swimmer 1), tentacles
a: no special abilities


You were on level 2 of the Dungeon.
You visited 1 branch of the dungeon, and saw 3 of its levels.

You collected 113 gold pieces.
You spent 77 gold pieces at shops.

Inventory:

Hand Weapons
 a - a +0 dagger of electrocution (weapon)
 b - a +1 whip of holy wrath
Jewellery
 j - a ring of fire
Scrolls
 d - a scroll of fear {unknown}
 e - a scroll of enchant armour {unknown}
 g - a scroll of blinking {unknown}
 k - 3 scrolls of identify {unknown}
 l - a scroll of torment {unknown}
 n - a scroll of teleportation {unknown}
Potions
 c - a potion of ambrosia {unknown}
 f - 2 potions of mutation {unknown}
 h - 3 potions of invisibility
 i - a potion of resistance {unknown}
 m - a potion of curing {unknown}
 o - a potion of magic {unknown}


   Skills:
 + Level 0.6 Fighting
 + Level 1.3 Short Blades
 * Level 2.6 Dodging
 * Level 4.6 Stealth
 + Level 0.6 Unarmed Combat
 + Level 2.1 Spellcasting
 + Level 3.2 Hexes
 + Level 0.7 Ice Magic


You had 4 spell levels left.
You knew the following spells:

 Your Spells              Type           Power      Damage    Failure   Level
c - Ensorcelled Hibernat  Hex/Ice        16%        N/A       13%         2

Your spell library contained the following spells:

 Spells                   Type           Power      Damage    Failure   Level
 Confusing Touch          Hex            12%        N/A       16%         3
 Tukima's Dance           Hex            12%        N/A       16%         3
 Sandblast                Erth           2%         2d4       19%         1
 Passwall                 Tmut/Erth      0%         N/A       28%         2
 Static Discharge         Conj/Air       2%         2-3/arc   28%         2
 Dazzling Flash           Conj/Hex       14%        N/A       30%         3
 Stone Arrow              Conj/Erth      2%         3d7       50%         3
 Vhi's Electric Charge    Tloc/Air       2%         N/A       50%         3
 Arcjolt                  Conj/Air       0%         1d10      99%         5
 Lightning Bolt           Conj/Air       0%         1d11      99%         5


Dungeon Overview and Level Annotations

Branches:
Dungeon (3/15)

Altars:
Yredelemnul

Shops:
D:2 *(


Innate Abilities, Weirdness & Mutations

You cannot wear most types of armour.
You are amphibious.
You can wear up to eight rings at the same time.
Your skin changes colour to match your surroundings (Stealth+).
Your rubbery body absorbs attacks. (AC +1, EV +1)
((You are camouflaged when in or above water. (Stealth+)))
You have tentacles for arms and can constrict up to eight enemies at once.


Message History

a +0 short sword; a +0 leather armour
There is a stone staircase leading down here.
You climb downwards.
The orc hits you with a +0 short sword. The orc closely misses you.
There is a stone staircase leading up, spattered with blood here.
The orc hits you with a +0 short sword. The orc hits you with a +0 dagger.
You climb upwards.
There is a stone staircase leading down here.
You closely miss the orc. Your grab misses the orc.
The orc hits you with a +0 short sword. The orc hits you with a +0 dagger.
The orc attacks as you move away! The orc hits you but does no damage.
The orc misses you.
Casting: Ensorcelled Hibernation (safe; 13% risk of failure)
Confirm with . or Enter, or press ? or * to list all spells.
Aiming: Ensorcelled Hibernation (safe; 13% risk of failure)
Press: ? - help, Shift-Dir - straight line, f - orc
Aim: an orc, wielding a +0 dagger (chance to affect: 59%)
The orc resists with significant effort.
The orc hits you but does no damage. The orc hits you with a +0 dagger.
* * * LOW HITPOINT WARNING * * *
Casting: Ensorcelled Hibernation (safe; 13% risk of failure)
Confirm with . or Enter, or press ? or * to list all spells.
Aiming: Ensorcelled Hibernation (safe; 13% risk of failure)
Press: ? - help, Shift-Dir - straight line, f/p - orc
Aim: an orc, wielding a +0 dagger (chance to affect: 59%)
The orc resists with significant effort.
The orc barely misses you. The orc misses you.
Casting: Ensorcelled Hibernation (safe; 13% risk of failure)
Confirm with . or Enter, or press ? or * to list all spells.
Aiming: Ensorcelled Hibernation (safe; 13% risk of failure)
Press: ? - help, Shift-Dir - straight line, f - orc, p - orc
Aim: an orc, wielding a +0 short sword and wearing a +0 leather armour (chance to affect: 59%)
You miscast Ensorcelled Hibernation.
You are very lightly contaminated with residual magic.
Nothing appears to happen.
The orc hits you with a +0 short sword.
* * * LOW HITPOINT WARNING * * *
The orc closely misses you.
Really wriggle into that teleport trap?
The orc attacks as you move away! The orc hits you with a +0 short sword.
You die...

#.###.##........### #.....#
............∩.†...# #......
..###.###....)..#.# #.###.# #.#
#.# ##...).##.# #.# #.# #.# #.#
##...###.# #.# #.# #.# #.# ###.#
#.# #.# #.# #.# #.#### #.# #.#
#.# #.# #.# #....####.###^# #.#
#.#
#.###.(....##...@o#########.###.#
......##.........o.>#...........#
#.########.........[........#####
#.##############.##.#.#######
#.........# #.##.#.# #########.#
#.##.#.# #.######.##.#.#
#........##...# ###############


You could see 2 orcs.

Vanquished Creatures
  An adder (D:2)
  A dart slug (D:1)
  An orc (D:2)
  5 endoplasms
  3 giant cockroaches
  4 hobgoblins (D:1)
  A quokka (D:2)
  7 ball pythons
  4 bats
  5 goblins
  4 kobolds
  2 rats
38 creatures vanquished.

Notes
Turn   | Place    | Note
-------+----------+-------------------------------------------
     0 | D:1      | Ignak the Octopode Enchanter began the quest for the Orb.
     0 | D:1      | Reached XP level 1. HP: 11/11 MP: 3/3
   244 | D:1      | Reached XP level 2. HP: 17/17 MP: 5/5
   256 | D:1      | Learned a level 2 spell: Ensorcelled Hibernation
   668 | D:1      | Reached XP level 3. HP: 19/22 MP: 6/6
   854 | D:2      | Identified the +4 ring mail of Ceatear {Will+ Str+3}
  1046 | D:2      | Found Wimutz's Assorted Antiques.
  1103 | D:2      | Found Jehuum's Weapon Shop.
  1111 | D:2      | Bought a +0 dagger of electrocution for 77 gold pieces
  1181 | D:2      | Found a basalt altar of Yredelemnul.
  1560 | D:2      | HP: 1/22 [orc/+0 short sword (5)]
  1562 | D:2      | Slain by an orc

Illustrated notes

Levels and vault maps discovered:
D:1:      minmay_arrival_widening_spiral_wide, layout_loops_ring
D:2:      layout_loops_ring, basic_altar, serial_shops, nicolae_lakefront_shop,
          nicolae_shop_bloodbath_and_beyond
D:3:      layout_loops_ring, lemuel_zombie_altar_kikubaaqudgha,
          kennysheep_generic_room_13

Action                   || total
-------------------------++-------
Melee: Dagger            ||    61
       Tentacles         ||     7
       Constrict         ||    11
       Punch             ||     2
 Cast: Ensorcelled Hiber ||     3
 Stab: Sleeping          ||    17
Armor: Skin              ||     6
Dodge: Dodged            ||    30

Table legend: (Time is in decaauts)
 A = Elapsed time spent in this place.
 B = Non-inter-level travel time spent in this place.
 C = Inter-level travel time spent in this place.
 D = Time resting spent in this place.
 E = Time spent auto-exploring this place.
 F = Levels seen in this place.
 G = Mean time per level.
                   A        B        C        D        E       F      G
               +--------+--------+--------+--------+--------+-----+--------+
         Total |   1558 |   1524 |     34 |      0 |   1070 |   3 |  519.3 |
       Dungeon |   1558 |   1524 |     34 |      0 |   1070 |   3 |  519.3 |
               +--------+--------+--------+--------+--------+-----+--------+

Top non-repeatable levels by time:
     D:1: 762 daAuts
     D:2: 734 daAuts
     D:3: 61 daAuts
